 Dungeon Crawl Stone Soup version 0.29-a0-1052-g6990b1bffc (webtiles) character file.

Game seed: 10916159779057018968

73278 polve the Corrupter of Planes (level 15, -1/126 HPs)
             Began as a Demonspawn Abyssal Knight on Aug 17, 2022.
             Was the Champion of Lugonu.
             Slain by a freezing wraith (5 damage)
             ... led by a death knight
             ... on level 13 of the Dungeon.
             The game lasted 00:42:28 (40070 turns).

polve the Corrupter of Planes (DsAK)               Turns: 40070, Time: 00:42:29

Health: -1/126     AC: 24    Str: 20    XL:     15   Next: 3%
Magic:  26/26      EV: 29    Int: 15    God:    Lugonu [******]
Gold:   1619       SH:  0    Dex: 13    Spells: 14/14 levels left

rFire   . . .      SeeInvis .   b - +3 double sword (freeze)
rCold   + . .      Faith    .   (no shield)
rNeg    . . .      Spirit   .   L - +4 plate armour {rF+}
rPois   +          Reflect  .   (helmet unavailable)
rElec   .          Harm     .   D - +0 cloak
rCorr   .          Rampage  +   G - +0 pair of gloves
Will    +....                   Q - +0 pair of boots {rampage}
Stlth   ..........              y - amulet of the acrobat
HPRegen 0.31/turn               m - ring of poison resistance
MPRegen 0.20/turn               C - ring of ice

@: agile, acrobatic, slowed, very slow
A: horns 3, powered by pain 1, spiny 2, big brain 1, corrupting presence 1
a: Renounce Religion, Depart the Abyss, Bend Space, Banish, Corrupt, Enter the
Abyss, Brand Weapon With Distortion


You were on level 13 of the Dungeon.
You worshipped Lugonu.
Lugonu was exalted by your worship.
You visited 3 branches of the dungeon, and saw 20 of its levels.
You visited the Abyss 1 time.
You also visited: Ice Cave and Volcano.

You collected 1999 gold pieces.
You spent 380 gold pieces at shops.

Inventory:

Hand Weapons
 a - a +2 rapier of distortion
 b - a +3 double sword of freezing (weapon)
Missiles
 t - a throwing net
Armour
 D - a +0 cloak (worn)
 G - a +0 pair of gloves (worn)
 L - a +4 plate armour of fire resistance (worn)
 Q - a +0 pair of boots of rampaging (worn)
Jewellery
 m - a ring of poison resistance (left hand)
 y - an amulet of the acrobat (around neck)
 C - a ring of ice (right hand)
 M - a ring of protection from fire
Wands
 q - a wand of flame (34)
 z - a wand of mindburst (19)
 H - a wand of roots (14)
 I - a wand of polymorph (8)
 N - a wand of quicksilver (10)
Scrolls
 c - 2 scrolls of poison
 e - 14 scrolls of teleportation
 f - 5 scrolls of amnesia
 h - 8 scrolls of butterflies
 k - 4 scrolls of enchant armour
 u - 5 scrolls of magic mapping
 v - 5 scrolls of blinking
 w - a scroll of enchant weapon
 A - 2 scrolls of torment
 B - a scroll of silence
 F - 3 scrolls of brand weapon
 J - 3 scrolls of immolation
 O - a scroll of summoning {unknown}
 P - 11 scrolls of identify
 S - a scroll of fear {unknown}
Potions
 d - 2 potions of magic
 g - 3 potions of mutation
 i - 2 potions of resistance
 j - 4 potions of degeneration
 l - 2 potions of haste
 n - 5 potions of attraction
 o - 7 potions of curing
 p - 2 potions of cancellation
 r - 4 potions of might
 s - 6 potions of brilliance
 x - 2 potions of flight
 E - 6 potions of ambrosia
 K - a potion of invisibility
 R - 3 potions of heal wounds


   Skills:
 + Level 14.2 Fighting
 - Level 12.4(12.9) Short Blades
 + Level 5.7(9.8) Long Blades
 - Level 12.0 Armour
 - Level 6.0 Dodging
 - Level 15.0 Invocations


You had 14 spell levels left.
You didn't know any spells.
Your spell library contained the following spells:

 Spells                   Type           Power      Damage    Failure   Level
 Apportation              Tloc           0%         N/A       98%         1
 Magic Dart               Conj           0%         1d3       98%         1
 Necrotise                Necr           0%         1d4       98%         1
 Sting                    Tmut/Pois      0%         1d3       98%         1
 Call Imp                 Summ           0%         N/A       99%         2
 Poisonous Vapours        Pois/Air       0%         N/A       99%         2
 Searing Ray              Conj           0%         2d4       99%         2
 Frozen Ramparts          Ice            0%         1d1       100%        3
 Gell's Gravitas          Tloc           0%         N/A       100%        3
 Lesser Beckoning         Tloc           0%         N/A       100%        3
 Mephitic Cloud           Conj/Pois/Air  0%         N/A       100%        3
 Teleport Other           Tloc           0%         N/A       100%        3
 Vampiric Draining        Necr           0%         2d6       100%        3
 Animate Dead             Necr           0%         N/A       100%        4
 Corpse Rot               Necr/Pois/Air  0%         N/A       100%        4
 Fulminant Prism          Conj/Hex       0%         3d6       100%        4
 Ice Form                 Ice/Tmut       0%         N/A       100%        4
 Olgreb's Toxic Radiance  Pois           0%         N/A       100%        4
 Summon Ice Beast         Ice/Summ       0%         N/A       100%        4
 Agony                    Necr           0%         N/A       100%        5
 Alistair's Intoxication  Tmut/Pois      0%         N/A       100%        5
 Borgnjor's Vile Clutch   Necr/Erth      0%         N/A       100%        5
 Death Channel            Necr           0%         N/A       100%        6
 Dispersal                Tloc           0%         N/A       100%        6
 Disjunction              Tloc           0%         N/A       100%        8


Dungeon Overview and Level Annotations

Branches:
Dungeon (13/15)            Temple (0/1) D:7            Lair (5/5) D:8
  Swamp (0/4) Lair:3        Snake (0/4) Lair:2        Slime (0/5) Lair:4
    Orc (2/2) D:9             Elf (0/3) Orc:2         IceCv (visited)
Volcano (visited)
 Vaults: D:13-14

Altars:
Ashenzari
Fedhas
Gozag
Kikubaaqudgha
Ru
Vehumet
Wu Jian
Yredelemnul
Lugonu

Shops:
D:4 (   D:5 [   D:8 *=   Orc:2 (**[

Portals:
Abyss: Lair:5

Annotations:
D:5 2 transporters, stazo's ghost, amateur DsFi
Lair:1 exclusion: oklob plant


Innate Abilities, Weirdness & Mutations

You have a pair of large horns on your head.
You sometimes gain a little power by taking damage.
You are mostly covered in sharp spines.
You have an unusually large brain. (Int +2)
Your presence sometimes corrodes those you injure.


Message History

The freezing wraith completely misses you.
The freezing wraith hits you but does no damage.
The freezing wraith hits you. The freezing wraith freezes you. You resist.
The freezing wraith hits you but does no damage.
You hit the freezing wraith.
The freezing wraith is heavily damaged.
The freezing wraith barely misses you.
The freezing wraith hits you but does no damage.
The freezing wraith is struck by your spines.
The freezing wraith misses you.
The freezing wraith barely misses you. x2
The freezing wraith hits you. The freezing wraith drains your vigour!
You feel yourself slow down. The freezing wraith hits you.
The freezing wraith freezes you. You resist.
* * * LOW HITPOINT WARNING * * *
The freezing wraith hits you.
* * * LOW HITPOINT WARNING * * *
You hit the freezing wraith but do no damage.
The freezing wraith is heavily damaged.
The freezing wraith completely misses you.
The freezing wraith hits you!
* * * LOW HITPOINT WARNING * * *
The freezing wraith drains your vigour!
You feel as though you will be slow longer.
The freezing wraith closely misses you.
The freezing wraith hits you but does no damage.
The freezing wraith attacks as you move away!
The freezing wraith is struck by your spines.
The freezing wraith hits you but does no damage. x2
The freezing wraith completely misses you. x3
The freezing wraith hits you but does no damage.
The freezing wraith hits you.
* * * LOW HITPOINT WARNING * * *
The freezing wraith freezes you! You resist.
* * * LOW HITPOINT WARNING * * *
The freezing wraith hits you.
* * * LOW HITPOINT WARNING * * *
The freezing wraith hits you!
* * * LOW HITPOINT WARNING * * *
The freezing wraith freezes you. You resist.
You die...

###### #########....
..##.......####
#.##.##.......#
#.##.##.......#
###.##.##.#...#
#......@WW...#
#.#.#######..#
#.###.#.# #..#
#.......# #.).......
#####.### #...######
#.## ..... ###..##
.......
##.....####.........
##.#.......+.........+


You could see 2 freezing wraiths.

Vanquished Creatures
  Gastronok (Lair:3)
  Donald (Orc:2)
  Snorg (D:9)
  A rakshasa (D:11)
  5 hydras
  A boulder beetle (D:13)
  A catoblepas (Lair:4)
  2 centaur warriors (D:13)
  2 ogre magi (D:10)
  A two-headed ogre (Orc:2)
  A death knight (D:13)
  A dancing weapon (Volcano)
  An orc high priest (Orc:1)
  4 thrashing horrors (Lair:5)
  Sonja (Lair:4)
  4 wizards (Volcano)
  A lindwurm (Lair:2)
  A phantasmal warrior (D:13)
  6 orc knights
  3 ugly things
  2 orc sorcerers
  10 elephants (Lair:5)
  5 toenail golems (Volcano)
  2 vault sentinels (D:12)
  5 black mambas
  3 ice statues (IceCv)
  3 cane toads
  Maggie (D:9)
  2 ice devils (D:12)
  4 komodo dragons
  3 kobold demonologists (D:11)
  4 rime drakes
  A tengu conjurer (D:10)
  A queen bee (Lair:2)
  An ancient zyme (Lair:5)
  8 trolls
  A meliai (D:10)
  A polar bear (Lair:2)
  4 slime creatures
  A hornet (D:8)
  Prince Ribbit (D:8)
  27 blink frogs
  Sigmund (D:3)
  A shadow (D:12)
  2 wraiths
  2 spriggans (Lair:5)
  3 ynoxinuls (Lair:5)
  26 yaks
  7 basilisks
  3 fire bats (Lair:2)
  A vampire (D:9)
  7 small abominations (Lair:5)
  6 wyverns
  2 chaos spawn (Lair:5)
  9 wargs
  3 large abominations (Lair:5)
  A death yak simulacrum (IceCv)
  A naga (Lair:2)
  2 harpy simulacra (IceCv)
  2 swamp worms (Lair:3)
  A naga (shapeshifter) (Lair:5)
  11 water moccasins
  An acid dragon (D:9)
  Duvessa (D:7)
  3 ice beasts
  A sky beast (D:6)
  8 ogres
  32 orc warriors
  2 black bears
  7 centaurs
  5 kobold brigands
  3 phantoms
  6 bullfrogs
  A cane toad simulacrum (IceCv)
  4 scorpions
  4 wights
  Dowan (D:7)
  28 killer bees
  A howler monkey (D:6)
  An electric eel (Lair:2)
  3 hounds
  10 orc priests
  12 jellies
  A gnoll bouda (D:10)
  Jessica (D:2)
  An iguana (D:6)
  13 orc wizards
  4 hell rats (Lair:5)
  2 polar bear simulacra (IceCv)
  A wolf simulacrum (IceCv)
  7 gnolls
  11 adders
  3 river rats (D:5)
  A shadow imp (D:8)
  4 white imps
  3 worms
  4 dart slugs
  83 orcs
  7 bats
  17 endoplasms
  4 giant cockroaches
  8 goblins
  8 hobgoblins
  15 quokkas
  3 training dummies (D:4)
  6 ball pythons
  6 frilled lizards
  31 kobolds
  14 rats (D:5)
612 creatures vanquished.

Vanquished Creatures (others)
  A wizard (Volcano)
  47 fungi
  30 plants
78 creatures vanquished.

Grand Total: 690 creatures vanquished

Notes
Turn   | Place    | Note
-------+----------+-------------------------------------------
     0 | Abyss:1  | polve the Demonspawn Abyssal Knight began the quest for the
                  | Orb.
     0 | Abyss:1  | Reached XP level 1. HP: 18/18 MP: 2/2
     0 | D:1      | Escaped the Abyss
   397 | D:1      | Gained mutation: You are partially covered in sharp spines.
                  | [demonic ancestry]
   397 | D:1      | Reached XP level 2. HP: 10/24 MP: 3/3
   935 | D:1      | Found a faded altar of an unknown god.
  1687 | D:2      | Gained mutation: You have a pair of small horns on your
                  | head. [demonic ancestry]
  1687 | D:2      | Reached XP level 3. HP: 29/29 MP: 4/4
  1910 | D:2      | Noticed Jessica
  1913 | D:2      | Killed Jessica
  1927 | D:2      | Reached XP level 4. HP: 9/35 MP: 5/5
  2431 | D:2      | Reached skill level 3 in Invocations
  3258 | D:3      | Noticed Sigmund
  3300 | D:3      | Killed Sigmund
  3301 | D:3      | Reached skill level 6 in Invocations
  3301 | D:3      | Gained mutation: You are mostly covered in sharp spines.
                  | [demonic ancestry]
  3301 | D:3      | Reached XP level 5. HP: 41/41 MP: 6/9
  3301 | D:3      | Reached XP level 6. HP: 47/47 MP: 6/10
  4025 | D:3      | Reached *** piety under Lugonu
  4337 | D:4      | Reached skill level 7 in Invocations
  4713 | D:4      | Reached skill level 8 in Invocations
  4773 | D:4      | Found a blossoming altar of Fedhas.
  4981 | D:4      | Gained mutation: You sometimes gain a little power by
                  | taking damage. [demonic ancestry]
  4981 | D:4      | Reached XP level 7. HP: 37/52 MP: 13/13
  5275 | D:4      | Found Feteuq's Firing Range.
  5308 | D:4      | Reached skill level 9 in Invocations
  5695 | D:5      | Entered Level 5 of the Dungeon
  6012 | D:5      | Reached **** piety under Lugonu
  6020 | D:5      | Reached skill level 10 in Invocations
  6213 | D:5      | Found Metyuwed's Antique Armour Boutique.
  6227 | D:5      | Bought a pitted cloak for 171 gold pieces
  6227 | D:5      | Identified the +1 cloak of Grace {rF- Str+5 Dex+3} (You
                  | bought it in a shop on level 5 of the Dungeon)
  6500 | D:5      | Reached skill level 5 in Fighting
  6500 | D:5      | Gained mutation: You have an unusually large brain. (Int
                  | +2) [demonic ancestry]
  6500 | D:5      | Reached XP level 8. HP: 39/62 MP: 15/15
  6650 | D:5      | Found a sacrificial altar of Ru.
  6724 | D:5      | Identified the ring of Rorro {rPois rCorr}
  6820 | D:5      | Noticed stazo's ghost (amateur DsFi)
  6873 | D:5      | Found an opulent altar of Gozag.
  7312 | D:5      | Found a transporter.
  7312 | D:5      | Found a transporter.
  8319 | D:6      | Reached skill level 1 in Dodging
  9458 | D:6      | Found a basalt altar of Yredelemnul.
  9742 | D:7      | Reached XP level 9. HP: 72/74 MP: 16/16
  9811 | D:7      | Identified the +8 shortbow of Putruitt {vorpal, rF+ Will-
                  | rCorr}
  9812 | D:7      | Found a broken altar of Ashenzari.
 10605 | D:7      | Noticed Duvessa
 10605 | D:7      | Noticed Dowan
 10619 | D:7      | Killed Dowan
 10621 | D:7      | Killed Duvessa
 11388 | D:7      | Found a staircase to the Ecumenical Temple.
 11993 | D:8      | Found Qiypp's Jewellery Shoppe.
 12010 | D:8      | Found a staircase to the Lair.
 12030 | D:8      | Found an ancient bone altar of Kikubaaqudgha.
 12052 | D:8      | Identified the +5 spear "Xiczoah" {antimagic, Dex+5}
 12098 | D:8      | Found an ornate altar of the Wu Jian Council.
 12378 | D:8      | Noticed Prince Ribbit
 12398 | D:8      | Reached skill level 5 in Short Blades
 12404 | D:8      | Killed Prince Ribbit
 12606 | D:8      | Identified the +7 short sword of Vodka {drain, rN+ Str+3
                  | Int-3 Dex+4}
 12750 | D:8      | Found Umozxak's Overcharged Wands.
 12909 | D:8      | Identified the +3 ring mail "Moigur" {+Blink Fly rPois}
 13199 | D:9      | Found a staircase to the Orcish Mines.
 13200 | D:9      | Noticed a troll
 13214 | D:9      | Gained mutation: You have a pair of horns on your head.
                  | [demonic ancestry]
 13214 | D:9      | Reached XP level 10. HP: 42/80 MP: 17/17
 14361 | D:9      | Noticed Maggie
 14387 | D:9      | Killed Maggie
 15014 | D:10     | Entered Level 10 of the Dungeon
 15052 | D:10     | Noticed an ogre mage
 15091 | D:10     | Killed an ogre mage
 15443 | D:10     | Reached skill level 10 in Fighting
 15700 | D:10     | Noticed an ogre mage
 15710 | D:10     | Paralysed by an ogre mage for 3 turns
 15714 | D:10     | Killed an ogre mage
 16426 | D:10     | Noticed a manticore
 16428 | D:10     | Banished a manticore
 16580 | D:10     | Reached XP level 11. HP: 90/95 MP: 18/18
 16901 | Lair:1   | Entered Level 1 of the Lair of Beasts
 17397 | Lair:1   | Reached skill level 5 in Armour
 17747 | Lair:1   | Reached ***** piety under Lugonu
 18130 | Lair:1   | Noticed an oklob plant
 19434 | Lair:2   | Identified the +3 leather armour of the Farmer {Contam
                  | rPois Will+ Regen+}
 19487 | Lair:2   | Reached skill level 5 in Dodging
 19797 | Lair:2   | Found a staircase to the Snake Pit.
 19858 | Lair:2   | Found a dark tunnel.
 19867 | Volcano  | Entered a volcano
 20091 | Volcano  | Noticed a wizard
 20099 | Volcano  | Killed a wizard
 20189 | Volcano  | Noticed a wizard
 20194 | Volcano  | Killed a wizard
 20296 | Volcano  | Noticed a wizard
 20331 | Volcano  | Noticed a wizard
 20333 | Volcano  | Noticed a wizard
 20352 | Volcano  | Killed a wizard
 20353 | Volcano  | Reached skill level 1 in Long Blades
 20360 | Volcano  | Killed a wizard
 20412 | Volcano  | Killed a wizard
 20413 | Volcano  | Gained mutation: You have a pair of large horns on your
                  | head. [demonic ancestry]
 20413 | Volcano  | Reached XP level 12. HP: 95/102 MP: 19/19
 22874 | Lair:3   | Noticed Gastronok
 23207 | Lair:3   | Killed Gastronok
 23320 | Lair:3   | Reached skill level 10 in Armour
 24017 | Lair:3   | Noticed a six-headed hydra
 24026 | Lair:3   | Killed a six-headed hydra
 24382 | Lair:3   | Noticed a seven-headed hydra
 24399 | Lair:3   | Killed a seven-headed hydra
 24458 | Lair:3   | Noticed a seven-headed hydra
 24460 | Lair:3   | Banished a seven-headed hydra
 24706 | Lair:3   | Found a staircase to the Swamp.
 24773 | Lair:4   | Noticed a five-headed hydra
 24784 | Lair:4   | Killed a five-headed hydra
 25082 | Lair:4   | Reached XP level 13. HP: 103/108 MP: 20/20
 25323 | Lair:4   | Reached skill level 11 in Invocations
 25947 | Lair:4   | Noticed Sonja
 25980 | Lair:4   | Killed Sonja
 26237 | Lair:4   | Found a staircase to the Slime Pits.
 26452 | Lair:5   | Entered Level 5 of the Lair of Beasts
 26530 | Lair:5   | Reached skill level 12 in Invocations
 26795 | Lair:5   | Reached skill level 13 in Invocations
 27373 | Lair:5   | Reached skill level 14 in Invocations
 27377 | Lair:5   | HP: 8/162 [yak (7)]
 27896 | Lair:5   | Reached skill level 15 in Invocations
 29846 | Lair:5   | Gained mutation: Your presence sometimes corrodes those you
                  | injure. [demonic ancestry]
 29846 | Lair:5   | Reached XP level 14. HP: 59/116 MP: 25/25
 30034 | Lair:5   | Identified the +9 quarterstaff "Puzao" {drain, rPois rCorr}
 30219 | Lair:5   | Reached skill level 10 in Short Blades
 30436 | Lair:5   | Found a corrupted altar of Lugonu.
 30436 | Lair:5   | Found a one-way gate to the infinite horrors of the Abyss.
 30797 | Orc:1    | Entered Level 1 of the Orcish Mines
 30797 | Orc:1    | Noticed Snorg
 30798 | Orc:1    | Paralysed by an orc sorcerer for 5 turns
 30827 | D:9      | Killed Snorg
 31846 | Orc:1    | Found a radiant altar of Vehumet.
 31901 | Orc:1    | You fall into a shaft and drop 1 floor!
 31901 | Orc:2    | Entered Level 2 of the Orcish Mines
 32045 | Orc:2    | Found a staircase to the Elven Halls.
 32809 | Orc:2    | Reached ****** piety under Lugonu
 34508 | Orc:2    | Found Didik's Assorted Antiques.
 34508 | Orc:2    | Found Nuclodam's Armour Shop.
 34562 | Orc:2    | Bought a scroll labelled TYOGONG ROALO for 37 gold pieces
 34572 | Orc:2    | Bought a +0 pair of boots of rampaging for 172 gold pieces
 34641 | Orc:2    | Found Vynarig's Antique Weapon Emporium.
 34641 | Orc:2    | Found Saracer's General Store.
 34988 | Orc:2    | Noticed Donald
 35010 | Orc:2    | Killed Donald
 37845 | D:12     | Found a frozen archway.
 37865 | IceCv    | Entered an ice cave
 38254 | IceCv    | Identified the +4 broad axe of Naemaomi {elec, Str+4}
 38745 | D:12     | Found the +18 shield of the Gong {rElec rN+ Will+ EV-5}
 38802 | D:12     | Reached skill level 5 in Long Blades
 39647 | D:13     | Reached XP level 15. HP: 60/126 MP: 26/26
 40070 | D:13     | HP: 4/126 [freezing wraith[a death knight] (8)]
 40070 | D:13     | Slain by a freezing wraith

Illustrated notes

Levels and vault maps discovered:
D:1:      dpeg_arrival_morbid_curiosity, layout_loops_ring,
          shapermc_ecumenical_altar_flowoftime
D:2:      layout_basic, hangedman_decor_lopped, minmay_pentomino_x2,
          uniq_jessica
D:3:      layout_basic, uniq_sigmund
D:4:      layout_loops_ring, fedhas_altar_2, hangedman_decor_riveting,
          nicolae_shop_firing_range
D:5:      lemuel_ratsnest, layout_rooms, nicolae_ru_sacrificial_ziggurat,
          lemuel_tele_altar, cheibrodos_sewer_entry_bend,
          gammafunk_ghost_gnarly_gnolls, serial_shops, shop,
          lemuel_flamethrower_2
D:6:      layout_basic, mainiacjoe_overflow_tiny_flanked, tso_altar,
          minivault_27
D:7:      layout_layer_cave, amcnicky_altar_gilded, temple_statues,
          serial_rivers, chequers_serial_rivers_large_a,
          chequers_serial_rivers_micro_d, chequers_serial_rivers_large_b,
          chequers_serial_rivers_small_a, chequers_serial_rivers_micro_b,
          chequers_serial_rivers_micro_a, uniq_duvessa
D:8:      layout_cave_pods, mainiacjoe_overflow_boulevard, lemuel_doored_altar,
          lair_entry_dummy, serial_shops, shop, nicolae_shop_overcharged_wands,
          uniq_prince_ribbit1
D:9:      layout_basic, david_orc_5, dreamdust_princess_corridor, uniq_maggie
D:10:     layout_loops_ring, kb_rosetta
D:11:     layout_long_grid, amcnicky_mini_rare_corridor_liquid, minmay_holes
D:12:     layout_loops_cross, portal_ice_cave_demonic_guard,
          hellmonk_guarded_unrand_gong
D:13:     layout_loops_corners
Lair:1:   lemuel_slime, layout_layer_cave
Lair:2:   layout_cave_pods, guppyfry_snake_entry_island, special_room
          [special_room_bee], nicolae_volcano_entry_batcave, lemuel_fruit_tree,
          grunt_megastairs_4, infiniplex_staircase_pool
Lair:3:   layout_misc_corridors, palyth_hydra_swamp_entry, serial_rivers,
          chequers_serial_rivers_micro_d, chequers_serial_rivers_micro_d,
          chequers_serial_rivers_micro_b, chequers_serial_rivers_micro_a,
          chequers_serial_rivers_micro_c, uniq_gastronok
Lair:4:   layout_loops_ring, minmay_slime_entry_pillars, uniq_sonja
Lair:5:   hellmonk_lair_end_abyssal_woods, layout_small_grid
Orc:1:    layout_diamond_mine, basic_altar, nicolae_orc_damp_corner, uniq_snorg
Orc:2:    st_orc_town, layout_diamond_mine, nicolae_orc_tapped_out, uniq_donald

Skill      XL: |  1  2  3  4  5  6  7  8  9 10 11 12 13 14 |
---------------+-------------------------------------------+-----
Short Blades   | 2 3 4 7 8 9 12 | 12.4
Invocations    | 6 8 10 15 | 15.0
Fighting       | 5 8 11 12 14 | 14.2
Dodging        | 2 4 6 |  6.0
Armour         | 2 4 8 12 | 12.0
Long Blades    | 3 4 5 |  5.7

Action                   |  1- 3 |  4- 6 |  7- 9 | 10-12 | 13-15 || total
-------------------------+-------+-------+-------+-------+-------++-------
Melee: Short sword       |    95 |    62 |   268 |   142 |       ||   567
       Headbutt          |     3 |    14 |    77 |   174 |   264 ||   532
       Dagger            |       |    32 |    87 |   538 |   375 ||  1032
       Punch             |       |     1 |     4 |    13 |    15 ||    33
       Rapier            |       |       |       |       |   542 ||   542
       Double sword      |       |       |       |       |    49 ||    49
Throw: Throwing net      |       |       |       |       |     1 ||     1
Invok: Depart the Abyss  |     1 |       |       |       |       ||     1
       Bend Space        |       |       |     1 |       |     4 ||     5
       Banish            |       |       |       |     6 |     3 ||     9
Evoke: Wand              |       |       |       |       |     4 ||     4
  Use: Scroll            |       |     3 |     8 |    14 |     2 ||    27
       Potion            |       |     1 |     1 |       |     5 ||     7
 Stab: Petrifying        |       |       |       |       |     1 ||     1
       Held in net/web   |       |       |       |       |     2 ||     2
Armor: Leather armour    |    16 |     5 |       |       |       ||    21
       Scale mail        |       |    24 |    98 |       |       ||   122
       Ring mail         |       |       |     2 |    96 |       ||    98
       Plate armour      |       |       |       |   151 |   372 ||   523
Dodge: Dodged            |    53 |    33 |   147 |   307 |   541 ||  1081

Table legend: (Time is in decaauts)
 A = Elapsed time spent in this place.
 B = Non-inter-level travel time spent in this place.
 C = Inter-level travel time spent in this place.
 D = Time resting spent in this place.
 E = Time spent auto-exploring this place.
 F = Levels seen in this place.
 G = Mean time per level.
                   A        B        C        D        E       F      G
               +--------+--------+--------+--------+--------+-----+--------+
         Total |  39398 |  38170 |   1228 |   1551 |  32337 |  23 | 1713.0 |
       Dungeon |  20496 |  19703 |    793 |    896 |  16931 |  13 | 1576.6 |
          Lair |  12232 |  11953 |    279 |    342 |  10235 |   5 | 2446.4 |
  Orcish Mines |   4919 |   4763 |    156 |    284 |   3802 |   2 | 2459.5 |
         Abyss |      0 |      0 |      0 |      0 |      0 |   1 |    0.0 |
      Ice Cave |    533 |    533 |      0 |      0 |    391 |   1 |  533.0 |
       Volcano |   1217 |   1217 |      0 |     28 |    977 |   1 | 1217.0 |
               +--------+--------+--------+--------+--------+-----+--------+

Top non-repeatable levels by time:
  Lair:5: 4024 daAuts
   Orc:2: 2791 daAuts
  Lair:2: 2484 daAuts
  Lair:1: 2476 daAuts
     D:9: 2340 daAuts
     D:7: 2317 daAuts
   Orc:1: 2128 daAuts
     D:6: 2014 daAuts
     D:5: 1784 daAuts
  Lair:4: 1650 daAuts
     D:1: 1616 daAuts
  Lair:3: 1595 daAuts
     D:3: 1588 daAuts
    D:10: 1521 daAuts
     D:8: 1443 daAuts
